AoeStats
← SC_Dead Rabbit "The original"

Lombardia

509181085Analyzed
3v3 RM · 7d ago on Sep 25, 2026· 29m 15s· 6 players
Game mode
Random Map
Map size
Normal (6 player)
Population
200
Speed
Normal
Resources
Standard
Victory
Conquest
Starting age
Dark Age
Ending age
Imperial Age
RankedLock teamsTeams togetherTeam positionsShared explorationLock speedFull tech treeHidden civsTurbo modeCheats
Victory
Defeat
🇨🇳 Mongols · China
1252
+13
🇨🇦 Saracens · Canada
1215
+14
🇲🇽 Sicilians · Mexico
1179
+16
🇨🇱 Burgundians · Chile
1360
-21
🇦🇷 Vietnamese · Argentina
1163
-14
1011
-8
GUILLOTINA
8:27 Loom
10:57 Feudal Age
15:39 Castle Age
16:15 Scale Mail Armor
19:31 Chain Mail Armor
pickmyself or end
11:09 Feudal Age
12:12 Double-Bit Axe
14:49 Castle Age
12:52 Double-Bit Axe
syaltamimi
7:19 Loom
10:12 Feudal Age
11:18 Double-Bit Axe
11:15 Horse Collar
21:19 Castle Age
20:44 Scale Barding Armor
20:51 Bloodlines
21:39 Forging
22:25 Bow Saw
26:56 Iron Casting
SC_Dead Rabbit "The original"
4:30 Loom
10:30 Feudal Age
11:51 Double-Bit Axe
17:01 Forging
19:48 Scale Barding Armor
21:30 Fletching
Jhasper con manos
3:11 Double-Bit Axe
9:04 Feudal Age
10:21 Bow Saw
11:11 Horse Collar
12:08 Heavy Plow
13:04 Wheelbarrow
18:40 Castle Age
16:59 Gold Mining
17:49 Scale Barding Armor
18:41 Gold Shaft Mining
18:43 Forging
18:51 Cavalier
19:32 Husbandry
20:29 Loom
21:57 Chain Barding Armor
22:26 Husbandry
23:18 Loom
24:39 Hand Cart
24:58 Loom
Gergis Khan
8:10 Loom
10:30 Feudal Age
11:06 Double-Bit Axe
17:35 Castle Age
17:18 Wheelbarrow
17:19 Scale Mail Armor
18:28 Bow Saw
19:26 Forging
21:14 Chain Mail Armor
21:02 Squires
21:36 Arson
22:01 Horse Collar
22:17 Gold Mining
22:41 Town Watch
24:19 Iron Casting
Connection lost

Rejoining the realm…

Still unreachable

The connection could not be restored.

Session expired

The server has moved on; the page needs a fresh start.